 Dungeon Crawl Stone Soup version 0.32-a0-306-gfed3edf (webtiles) character file.

Game seed: 7793363527176115181

40 skewfiend the Shooter (level 3, -2/21 HPs)
             Began as a Gargoyle Hunter on Feb 14, 2024.
             Slain by a cerulean imp
             ... wielding a +1 spear
             ... summoned by Natasha
              (4 damage)
             ... on level 2 of the Dungeon.
             The game lasted 00:01:32 (610 turns).

skewfiend the Shooter (Gargoyle Hunter)              Turns: 610, Time: 00:01:32

Health: -2/21      AC:  9    Str: 14    XL:     3   Next: 50%
Magic:  3/3        EV:  9    Int:  9    God:
Gold:   74         SH:  0    Dex: 15    Spells: 2/2 levels left

rFire   . . .        a - +0 shortbow
rCold   . . .        (shield currently unavailable)
rNeg    + . .        f - +0 scale mail
rPois   ∞            (no helmet)
rElec   +            (no cloak)
rCorr   .            (no gloves)
SInv    .            (no boots)
Will    .....        (no amulet) Stlth
                     (no ring)
HPRegen 0.23/turn    (no ring)
MPRegen 0.08/turn

%: no passive effects
@: hasted, very quick
A: sickness immunity, AC +3, negative energy resistance 1, electricity
resistance, torment resistance 1, petrification resistance
a: no special abilities


You were on level 2 of the Dungeon.
You visited 1 branch of the dungeon, and saw 2 of its levels.

You collected 74 gold pieces.

Inventory:

Hand Weapons
 a - a +0 shortbow (weapon)
Missiles
 d - 5 poisoned darts
Armour
 c - a +0 leather armour
 f - a +0 scale mail (worn)
Scrolls
 b - a scroll of butterflies
 g - a scroll of revelation
 h - a scroll of silence {unknown}
 i - a scroll of identify {unknown}
 j - a scroll of fear {unknown}


   Skills:
 + Level 2.3 Fighting
 * Level 5.1 Ranged Weapons
 - Level 1.5 Dodging
 - Level 1.1 Stealth


You had 2 spell levels left.
You didn't know any spells.
Your spell library was empty.

Dungeon Overview and Level Annotations

Branches:
Dungeon (2/15)

Altars:
Ashenzari

Shops:
D:2 [

Annotations:
D:2 Natasha


Innate Abilities, Weirdness & Mutations

You are immune to sickness and miasma.
Your stone body is resilient. (AC +3)
You are immune to poison.
You resist negative energy. (rN+)
You are resistant to electric shocks. (rElec)
You are resistant to unholy torment.
You are immune to petrification.


Message History

You shoot an arrow. The arrow barely misses Natasha.
The arrow closely misses the cerulean imp.
The cerulean imp hits you but does no damage.
Natasha claws you but does no damage.
The cerulean imp hits you from afar with a +1 spear.
You shoot an arrow. The arrow closely misses Natasha.
The arrow hits the cerulean imp but does no damage.
The cerulean imp barely misses you. Natasha claws you.
* * * LOW HITPOINT WARNING * * *
The cerulean imp hits you but does no damage.
You shoot an arrow. The arrow closely misses Natasha.
The arrow closely misses the cerulean imp.
The cerulean imp completely misses you. Natasha claws you.
* * * LOW HITPOINT WARNING * * *
The cerulean imp hits you but does no damage.
You shoot an arrow. The arrow hits Natasha.
Natasha is lightly wounded.
The cerulean imp closely misses you. Natasha claws you but does no damage.
The cerulean imp barely misses you.
You shoot an arrow.
The arrow hits Natasha but does no damage.
Natasha is lightly wounded.
The cerulean imp closely misses you. Natasha claws you but does no damage.
You shoot an arrow. The arrow barely misses Natasha.
The arrow closely misses the cerulean imp.
The arrow misses the cerulean imp.
The cerulean imp hits you but does no damage. x2
You aren't carrying any potions.
As you read the scroll labelled NADUVU NENLIO, it crumbles to dust.
You feel aware of your surroundings.
You sensed 5 shops/portals.
It was a scroll of revelation.
Natasha closely misses you.
The cerulean imp hits you but does no damage. x2
Found a rapier.
Found Ziunig's Armour Shoppe.
Found a stone staircase leading up.
You shoot an arrow. The arrow hits Natasha.
Natasha is heavily wounded.
Natasha claws you.
* * * LOW HITPOINT WARNING * * *
The cerulean imp hits you from afar with a +1 spear.
You die...

#####.#####.# *,,,*,,,,,,,,,,*
..[.........####+#..)...,,,,,,*
######...#######.###....,,,,,,*
## #...#.###.###.###....,,,,,,*
.# #.#.....#.+..∩..+..!.,,,,***
.###.#.....#.###.###....,,,,*****
........_......#.#......,,,,,,,,,
>.###..........#+#5....#*********
#..##...........@h55...#
##.†..##################
..........##############
..........##############
..^.......##############
..........############## ####
..........##############* #...
..........###....<#.....* **#...
######....,**,*****,,,,,* #.....


You could see Natasha and 3 cerulean imps.

Vanquished Creatures
  3 endoplasms
  2 giant cockroaches (D:1)
  A quokka (D:2)
  2 ball pythons
  6 bats
  A frilled lizard (D:1)
  5 kobolds (D:1)
  3 rats
23 creatures vanquished.

Notes
Turn   | Place    | Note
-------+----------+-------------------------------------------
     0 | D:1      | skewfiend the Gargoyle Hunter began the quest for the Orb.
     0 | D:1      | Reached XP level 1. HP: 12/12 MP: 1/1
    86 | D:1      | Found a faded altar of an unknown god.
    88 | D:1      | Noticed a shining eye
    88 | D:1      | Noticed an eye of devastation
    89 | D:1      | Noticed a great orb of eyes
    89 | D:1      | Noticed a glass eye
   123 | D:1      | Reached XP level 2. HP: 17/17 MP: 2/2
   493 | D:2      | Reached XP level 3. HP: 21/21 MP: 3/3
   502 | D:1      | Reached skill level 5 in Ranged Weapons
   562 | D:2      | Found a broken altar of Ashenzari.
   593 | D:2      | Noticed Natasha
   609 | D:2      | Found Ziunig's Armour Shoppe.
   610 | D:2      | Slain by a cerulean imp

Illustrated notes

Levels and vault maps discovered:
D:1:      noname_arrival_rooms_in_the_neighbourhood, layout_rooms,
          hellmonk_ecumenical_altar_watching_god
D:2:      layout_basic, serial_shops, shop, nicolae_shop_hallway_plus,
          nicolae_shop_waterfront, shop, nicolae_shop_mannequins, basic_altar,
          minmay_misc_feat_hallway, minmay_between, uniq_terence, uniq_natasha

Skill      XL: |  1  2  3 |
---------------+----------+-----
Ranged Weapons | 5 |  5.1
Fighting       | |  2.3
Dodging        | |  1.5
Stealth        | |  1.1

Action                     || total
---------------------------++-------
   Fire: Shortbow          ||    64
    Use: Scroll            ||     1
         Potion            ||     1
 Armour: Scale mail        ||    38
         Leather armour    ||     1
  Dodge: Dodged            ||    36

Table legend: (Time is in decaauts)
 A = Elapsed time spent in this place.
 B = Non-inter-level travel time spent in this place.
 C = Inter-level travel time spent in this place.
 D = Time resting spent in this place.
 E = Time spent auto-exploring this place.
 F = Levels seen in this place.
 G = Mean time per level.
                   A        B        C        D        E       F      G
               +--------+--------+--------+--------+--------+-----+--------+
         Total |    631 |    556 |     75 |      0 |    409 |   2 |  315.5 |
       Dungeon |    631 |    556 |     75 |      0 |    409 |   2 |  315.5 |
               +--------+--------+--------+--------+--------+-----+--------+

Top non-repeatable levels by time:
     D:1: 549 daAuts
     D:2: 81 daAuts
